 Dungeon Crawl Stone Soup version 0.22.1-2-g9c5b331 (webtiles) character file.

499 Lilu the Conjurer (level 6, -5/32 HPs)
             Began as a Deep Elf Conjurer on Nov 14, 2018.
             Killed from afar by an orc wizard (10 damage)
             ... with a puff of flame
             ... on level 4 of the Dungeon.
             The game lasted 00:12:53 (3975 turns).

Lilu the Conjurer (Deep Elf Conjurer)               Turns: 3975, Time: 00:12:55

Health: -5/32      AC:  4    Str:  7    XL:     6   Next: 94%
Magic:  2/17       EV: 13    Int: 20    God:
Gold:   142        SH:  0    Dex: 15    Spells: 14/17 levels left

rFire    . . .     SeeInvis +   j - +0 hunting sling (flame)
rCold    . . .     Gourm    +   b - +0 buckler
rNeg     . . .     Faith    .   o - +0 leather armour
rPois    .         Spirit   .   (no helmet)
rElec    .         Reflect  .   (no cloak)
rCorr    .         Harm     .   (no gloves)
MR       .....                  n - +0 pair of boots
Stlth    +.........             i - amulet of the gourmand
HPRegen  0.10/turn              e - ring of see invisible (curse)
MPRegen  0.15/turn              (no ring)

@: confused
A: no striking features
a: no special abilities


You were on level 4 of the Dungeon.
You were not hungry.

You visited 1 branch of the dungeon, and saw 4 of its levels.

You collected 142 gold pieces.

Inventory:

Hand Weapons
 j - a +0 hunting sling of flaming (weapon)
 p - a +3 spear
Missiles
 a - 66 sling bullets
 k - 66 stones (quivered)
Armour
 b - a +0 buckler (worn)
 n - a +0 pair of boots (worn)
 o - a +0 leather armour (worn)
 v - a +0 ring mail of fire resistance
Jewellery
 e - a cursed ring of see invisible (left hand)
 i - an amulet of the gourmand (around neck)
Wands
 d - a wand of enslavement (13)
 t - a wand of digging (16)
Scrolls
 g - 2 scrolls of teleportation {unknown}
 h - 3 scrolls of enchant armour {unknown}
 l - 3 scrolls of identify {unknown}
 m - a scroll of fog {unknown}
 s - a scroll of noise {unknown}
 u - 2 scrolls of blinking {unknown}
 w - a scroll of fear {unknown}
 x - a scroll of magic mapping {unknown}
Potions
 f - 2 potions of degeneration {unknown}
 r - a potion of heal wounds {unknown}
Comestibles
 c - 8 rations
 q - 11 chunks of flesh


   Skills:
 + Level 4.6 Dodging
 - Level 2.4 Stealth
 + Level 2.1 Shields
 * Level 6.0 Spellcasting
 * Level 6.3 Conjurations


You had 14 spell levels left.
You knew the following spells:

 Your Spells              Type           Power        Failure   Level  Hunger
a - Magic Dart            Conj           ####         1%          1    None
b - Searing Ray           Conj           ####..       2%          2    None

Your spell library contained the following spells:

 Spells                   Type           Power        Failure   Level  Hunger
 Iskenderun's Mystic Bla  Conj           ####....     14%         4    ####...
 Dazzling Spray           Conj/Hex       ###...       16%         3    ##.....
 Force Lance              Conj/Tloc      ###.....     47%         4    ####...
 Fulminant Prism          Conj/Hex       ###.......   47%         4    ####...


Dungeon Overview and Level Annotations

Branches:
Dungeon (4/15)
 Temple: D:4-7

Altars:
Ashenzari
Yredelemnul


Message History

The orc wizard shouts!
You see here a club.
The orc wizard casts a spell.
The orc wizard flickers and vanishes for a moment.
There is a stone staircase leading up, spattered with blood here.
The orc wizard casts a spell at you.
You are confused.
The iguana closely misses you.
In your confused state, you trip and fall back down the stairs.
The iguana bites you.
Unknown command.
You can't go down here!
The iguana bites you.
* * * LOW HITPOINT WARNING * * *
In your confused state, you trip and fall back down the stairs.
* * * LOW HITPOINT WARNING * * *
The iguana completely misses you.
The orc wizard points at you and mumbles some strange words.
The puff of flame hits you!
You die...

#..<.)....# #...).....#
#....<....# ### #.........# ..#
#.........# ..#### #.........#
.....# #.........### #
.....###.........l.## .#
###...##........@#..# ######...
.......S............### #..)..)#
####...##.......##..o.###.#######
..##.#.###.....####.#........# #
.......######### #.###...##.....
#.#.........# #..#..### ####
#...........########...##.. .
..##(.......##............#
#####..........######..####


You could see an iguana and an orc wizard (invisible).

Vanquished Creatures
  An ogre (D:4)
  3 orc priests
  2 orc wizards
  A worker ant (D:4)
  7 gnolls
  9 adders
  A worm (D:2)
  A dart slug (D:1)
  5 leopard geckos
  9 orcs
  4 giant cockroaches
  11 goblins
  16 hobgoblins
  2 quokkas (D:2)
  2 ball pythons
  2 bats
  6 frilled lizards
  2 kobolds
  A leopard gecko skeleton (D:4)
  6 rats
  A spectral orc (D:3)
92 creatures vanquished.

Notes
Turn   | Place    | Note
-------+----------+-------------------------------------------
     0 | D:1      | Lilu the Deep Elf Conjurer began the quest for the Orb.
     0 | D:1      | Reached XP level 1. HP: 10/10 MP: 6/6
   277 | D:1      | Reached XP level 2. HP: 15/15 MP: 5/8
  1136 | D:1      | Reached XP level 3. HP: 15/19 MP: 3/10
  1203 | D:2      | Learned a level 2 spell: Searing Ray
  1534 | D:2      | Reached skill level 5 in Conjurations
  1687 | D:2      | Found a shattered altar of Ashenzari.
  1885 | D:2      | Reached skill level 1 in Shields
  1885 | D:2      | Reached XP level 4. HP: 24/24 MP: 9/12
  2735 | D:3      | Reached XP level 5. HP: 28/28 MP: 7/13
  2825 | D:3      | Reached skill level 5 in Spellcasting
  3232 | D:3      | Found a basalt altar of Yredelemnul.
  3483 | D:4      | Noticed an ogre
  3495 | D:3      | Reached XP level 6. HP: 22/32 MP: 9/15
  3975 | D:4      | Killed from afar by an orc wizard

Skill      XL: |  1  2  3  4  5  6 |
---------------+-------------------+-----
Dodging        | 3 4 |  4.6
Conjurations   | 5 6 |  6.3
Spellcasting   | 4 5 6 |  6.0
Shields        | 1 2 |  2.1
Stealth        | |  2.4

Action                   |  1- 3 |  4- 6 || total
-------------------------+-------+-------++-------
 Fire: Hunting sling     |     7 |    55 ||    62
 Cast: Magic Dart        |    75 |    22 ||    97
       Searing Ray       |     1 |    25 ||    26
  Eat: Chunk             |     2 |     7 ||     9
Armor: Robe              |    12 |     1 ||    13
       Leather armour    |       |     7 ||     7
Dodge: Dodged            |    28 |    27 ||    55
Block: Buckler           |       |     2 ||     2
